 Dungeon Crawl Stone Soup version 0.23.2-40-g277498a001 (webtiles) character file.

Game seed: 2005825059613712130

38 Deathwalker the Slasher (level 3, -4/28 HPs)
             Began as a Human Skald on Aug 20, 2019.
             Slain by a gnoll
             ... wielding a +0 spear
              (7 damage)
             ... on level 4 of the Dungeon.
             The game lasted 00:07:45 (1248 turns).

Deathwalker the Slasher (Human Skald)               Turns: 1248, Time: 00:07:45

Health: -4/28      AC:  7    Str: 11    XL:     3   Next: 65%
Magic:  6/6        EV: 12    Int: 14    God:
Gold:   100        SH:  0    Dex: 12    Spells: 1/6 levels left

rFire    . . .     SeeInvis .   a - +0 falchion
rCold    . . .     Gourm    .   (no shield)
rNeg     . . .     Faith    .   b - +0 leather armour
rPois    .         Spirit   .   e - +0 helmet
rElec    .         Reflect  .   l - +0 cloak
rCorr    .         Harm     .   (no gloves)
MR       .....                  j - +1 pair of boots
Stlth    +.........             (no amulet)
HPRegen  0.09/turn              (no ring)
MPRegen  0.10/turn              (no ring)

@: no status effects
A: no striking features
a: no special abilities


You were on level 4 of the Dungeon.
You were not hungry.

You visited 1 branch of the dungeon, and saw 3 of its levels.

You collected 100 gold pieces.

Inventory:

Hand Weapons
 a - a +0 falchion (weapon)
Missiles
 h - 85 stones (quivered)
 n - 18 sling bullets
 p - 28 arrows
Armour
 b - a +0 leather armour (worn)
 e - a +0 helmet (worn)
 j - a +1 pair of boots (worn)
 l - a +0 cloak (worn)
 u - a +0 pair of gloves
Jewellery
 g - an uncursed ring of stealth {unknown}
 i - an uncursed ring of fire {unknown}
 o - an uncursed ring of protection from cold {unknown}
Scrolls
 c - a scroll of noise {unknown}
 k - a scroll of amnesia {unknown}
 q - 2 scrolls of identify {unknown}
 t - a scroll of remove curse {unknown}
Potions
 f - a potion of heal wounds {unknown}
 r - a potion of ambrosia {unknown}
 s - a potion of flight {unknown}
 v - a potion of mutation {unknown}
Comestibles
 d - 8 rations
 m - 3 chunks of flesh


   Skills:
 + Level 2.5 Fighting
 * Level 3.3 Long Blades
 - Level 1.0 Armour
 - Level 2.0 Dodging
 - Level 2.0 Spellcasting
 - Level 3.0 Charms


You had one spell level left.
You knew the following spells:

 Your Spells              Type           Power        Failure   Level  Hunger
a - Infusion              Chrm           #...         9%          1    ##.....
b - Song of Slaying       Chrm           #.......     14%         2    ###....
c - Shroud of Golubria    Chrm/Tloc      #.........   26%         2    ###....

Your spell library contained the following spells:

 Spells                   Type           Power        Failure   Level  Hunger
 Magic Dart               Conj           #...         30%         1    ##.....
 Blink                    Tloc           N/A          43%         2    ###....
 Call Imp                 Summ           #.......     43%         2    ###....
 Slow                     Hex            #.......     43%         2    ###....
 Regeneration             Chrm/Necr      #.........   45%         3    ####...
 Spectral Weapon          Hex/Chrm       #.......     45%         3    ####...
 Conjure Flame            Conj/Fire      #.......     67%         3    ####...
 Mephitic Cloud           Conj/Pois/Air  #.......     67%         3    ####...


Dungeon Overview and Level Annotations

Branches:
Dungeon (4/15)
 Temple: D:4-7

Altars:
Kikubaaqudgha
Sif Muna
Xom

Annotations:
D:2 2 transporters


Message History

The gnoll hits you from afar with a +0 spear.
The gnoll closely misses you.
The phantom blinks!
The phantom blinks!
Found a ration.
The phantom hits you.
The phantom blinks!
A leopard gecko skeleton comes into view.
Found 6 gold pieces.
The leopard gecko skeleton bites you.
The leopard gecko skeleton completely misses you.
The leopard gecko skeleton bites you.
Some of the chunks of flesh in your inventory have rotted away.
The gnoll hits you from afar with a +0 spear.
The leopard gecko skeleton bites you but does no damage.
The gnoll misses you.
The orc priest calls down the wrath of Beogh upon you.
Beogh smites you!
* * * LOW HITPOINT WARNING * * *
The gnoll hits you from afar with a +0 spear!
You die...

#.....# #.....#
##########.....#
#..............#
###.....o........#
###......W.....o...#
........%....^og...#
.!..#...........Z..#
....##########..@..#
.....### #.....#
.......# ##.$###
..o.##...# #..#
.....###..## ...#
..$#.### ..###.###
...#...###.....#
.#####....##### ..#
####$..##


You could see a phantom, an orc priest, a gnoll, 2 orcs and a leopard gecko
skeleton.

Vanquished Creatures
  An adder (D:2)
  A worm (D:2)
  A dart slug (D:1)
  A leopard gecko (D:1)
  3 bats
  A giant cockroach (D:2)
  6 hobgoblins
  A ball python (D:1)
  2 frilled lizards
  2 goblins (D:1)
  2 kobolds (D:1)
  4 rats
25 creatures vanquished.

Vanquished Creatures (others)
  A human (D:2)
1 creature vanquished.

Grand Total: 26 creatures vanquished

Notes
Turn   | Place    | Note
-------+----------+-------------------------------------------
     0 | D:1      | Deathwalker the Human Skald began the quest for the Orb.
     0 | D:1      | Reached XP level 1. HP: 16/16 MP: 3/3
   344 | D:1      | Found a shimmering altar of Xom.
   346 | D:1      | Found a hazy altar of Hepliaklqana.
   346 | D:1      | Found a snail-covered altar of Cheibriados.
   348 | D:1      | Found an ornate altar of the Wu Jian Council.
   348 | D:1      | Found a basalt altar of Yredelemnul.
   348 | D:1      | Found a radiant altar of Vehumet.
   479 | D:1      | Reached XP level 2. HP: 15/22 MP: 5/5
   483 | D:1      | Learned a level 2 spell: Song of Slaying
   486 | D:1      | Learned a level 2 spell: Shroud of Golubria
   998 | D:2      | Reached XP level 3. HP: 27/27 MP: 3/6
  1121 | D:2      | Found an ancient bone altar of Kikubaaqudgha.
  1123 | D:2      | Noticed a human
  1125 | D:2      | Killed a human
  1154 | D:2      | Found a shimmering altar of Xom.
  1154 | D:2      | Found a transporter.
  1155 | D:2      | Noticed a two-headed ogre
  1168 | D:2      | Found a transporter.
  1186 | D:2      | You fall through a shaft for 2 floors!
  1186 | D:4      | Found a deep blue altar of Sif Muna.
  1187 | D:4      | Noticed a phantom
  1248 | D:4      | Slain by a gnoll

Skill      XL: |  1  2 |
---------------+-------+-----
Long Blades    | 3 |  3.3
Fighting       | |  2.5
Armour         | |  1.0
Dodging        | |  2.0
Spellcasting   | |  2.0
Charms         | |  3.0

Action                   || total
-------------------------++-------
Melee: Falchion          ||    77
 Cast: Infusion          ||     1
       Song of Slaying   ||     1
       Shroud of Golubri ||     1
  Eat: Chunk             ||     1
Armor: Leather armour    ||    38
Dodge: Dodged            ||    61
       Rpst.: Falchion   ||    19
